Map: Templo Congelado

Players

MeTabee

  • Race: Zerg Zerg
  • League: Grandmaster

TheZergLord - Winner!

  • Race: Zerg Zerg
  • League: Master

VOD

Have the link to the VOD?

Description

Time

  • Played on: May 24, 2016, 7:30 p.m.
  • Length: 9:49
Show
View Real Time Build Order
Export as new Build Order

MeTabee Zerg 

Build Orders: Hatch First 

Get SALT Encoding   

  12  0:00  Drone  
  13  0:09  Drone  
  14  0:17  Overlord  
  14  0:28  Extractor  
  14  0:29  Drone x2, Extractor  
  14  0:35  Drone  
  17  0:54  Hatchery  
  16  0:58  Drone  
  16  0:59  Drone  
  18  1:08  Drone  
  19  1:13  Extractor  
  19  1:17  Spawning Pool  
  17  1:20  Drone  
  18  1:27  Drone  
  19  1:39  Overlord  
  19  1:51  Drone  
  20  2:03  Queen  
  20  2:04  Zergling x2  
  20  2:06  Queen  
  20  2:07  Drone  
  26  2:10  Drone  
  27  2:16  Metabolic Boost  
  27  2:20  Drone  
  27  2:22  Drone  
  29  2:33  Drone x2  
  31  2:37  Evolution Chamber  
  31  2:38  Drone  
  31  2:39  Queen  
  33  2:54  Drone  
  33  2:55  Drone, Overlord  
  35  3:06  Drone  
  35  3:08  Zerg Ground Armor Level 1  
  36  3:16  Drone x3  
  36  3:17  Overlord  
  36  3:18  Zergling x8  
  43  3:27  Baneling Nest  
  43  3:29  Drone  
  43  3:30  Drone  
  44  3:38  Drone x2  
  46  3:51  Drone x4, Hatchery  
  49  3:55  Extractor  
  49  3:57  Drone  
  49  4:00  Extractor  
  48  4:03  Drone  
  48  4:06  Drone  
  50  4:11  Drone  
  50  4:12  Drone  
  51  4:26  Overlord x2  
  51  4:30  Roach Warren  
  50  4:34  Lair  
  50  4:36  Drone  
  50  4:37  Drone, Extractor  
  50  4:38  Overlord  
  51  4:47  Drone  
  51  4:48  Drone x2  
  54  4:55  Drone  
  54  4:56  Drone x2  
  54  4:57  Drone  
  54  4:58  Drone x2  
  60  5:08  Zerg Missile Weapons Level 1  
  60  5:10  Overlord  
  60  5:11  Overlord  
  60  5:15  Roach x6  
  72  5:23  Burrow  
  72  5:25  Roach x2  
  76  5:33  Glial Reconstitution  
  76  5:34  Overseer  
  76  5:37  Roach x6  
  76  5:42  Roach x2  
  92  5:53  Zergling x6  
  92  5:54  Roach x2, Overlord  
  92  5:55  Overlord  
  93  6:06  Roach x3  
  93  6:08  Roach  
  93  6:09  Roach  
  93  6:16  Roach x4  
  94  6:21  Roach x2  
  94  6:24  Roach  
  94  6:25  Roach  
  100  6:28  Roach x2  
  100  6:32  Roach  
  99  6:37  Ravager  
  99  6:38  Ravager  
  97  6:43  Roach x3  
  97  6:46  Roach  
  95  6:51  Drone x5  
  100  6:54  Overlord  
  100  6:55  Drone  
  100  7:00  Ravager x2  
  103  7:04  Overlord x3  
  103  7:11  Drone  
  103  7:14  Zerg Missile Weapons Level 2  
  104  7:16  Drone x3  
  104  7:20  Extractor  
  106  7:28  Roach x5  
  110  7:31  Drone x2  
  112  7:44  Roach x2  
  112  7:45  Roach x2  
  112  7:50  Roach  
  112  7:51  Roach x2  
  128  8:06  Roach x4  
  128  8:07  Hydralisk Den, Roach x2  
  137  8:24  Spire  
  138  8:30  Hydralisk Den  
  137  8:38  Hatchery  
  136  8:49  Hatchery  
  77  9:12  Roach  
  77  9:13  Roach x12  
  87  9:24  Roach  
  87  9:25  Roach x2  
  87  9:26  Roach x2  
Show
View Real Time Build Order
Export as new Build Order

TheZergLord Zerg - Winner!

Build Orders: Hatch First 

Get SALT Encoding   

  12  0:01  Drone  
  13  0:13  Overlord  
  13  0:18  Drone  
  14  0:32  Drone x2  
  14  0:35  Drone  
  17  0:52  Hatchery  
  17  0:55  Drone  
  17  1:08  Spawning Pool  
  16  1:11  Drone  
  16  1:15  Drone  
  16  1:17  Extractor  
  17  1:20  Drone  
  18  1:29  Drone  
  19  1:40  Overlord  
  19  1:56  Queen  
  19  2:00  Zergling x2  
  22  2:04  Queen  
  22  2:07  Zergling x2  
  22  2:08  Drone  
  26  2:19  Drone  
  26  2:20  Drone  
  26  2:21  Metabolic Boost  
  28  2:26  Drone x2  
  30  2:34  Queen  
  32  2:39  Overlord  
  32  2:45  Queen  
  34  2:53  Drone x2  
  36  2:59  Drone x3  
  39  3:11  Roach Warren  
  38  3:15  Drone x3  
  41  3:23  Lair  
  41  3:30  Evolution Chamber  
  40  3:35  Overlord  
  40  3:36  Drone x3  
  40  3:37  Drone  
  40  3:41  Extractor  
  43  3:42  Extractor  
  42  3:49  Evolution Chamber  
  42  3:54  Roach x3  
  47  3:56  Drone  
  47  3:57  Drone  
  47  4:01  Zerg Missile Weapons Level 1  
  50  4:13  Drone x2  
  50  4:15  Overlord x2  
  51  4:18  Overlord  
  51  4:21  Glial Reconstitution  
  51  4:28  Overseer  
  51  4:32  Overlord  
  51  4:37  Drone x5  
  51  4:38  Drone  
  57  4:43  Roach  
  59  4:46  Roach x2  
  65  4:52  Roach  
  65  4:55  Roach  
  65  4:57  Roach  
  69  5:00  Overlord  
  69  5:02  Roach  
  69  5:05  Roach  
  73  5:08  Roach  
  73  5:11  Roach  
  73  5:12  Roach  
  79  5:19  Roach x2  
  79  5:20  Roach  
  85  5:24  Overlord  
  85  5:29  Roach  
  87  5:38  Roach x2  
  91  5:56  Roach x4  
  99  6:00  Hatchery  
  99  6:02  Overlord x2  
  95  6:09  Zerg Missile Weapons Level 2, Overlord  
  87  6:15  Roach x4  
  89  6:20  Roach x2  
  93  6:27  Roach x3  
  99  6:38  Roach x2  
  99  6:41  Roach x2  
  99  6:42  Roach  
  89  6:49  Roach x3  
  89  6:50  Roach  
  95  6:57  Roach x2  
  99  7:03  Roach  
  101  7:11  Roach x3  
  107  7:17  Roach  
  107  7:18  Roach x3  
  115  7:29  Roach  
  117  7:30  Roach x3  
  117  7:32  Drone  
  120  7:38  Drone x2  
  122  7:49  Overlord  
  122  7:50  Overlord x2  
  122  8:06  Extractor, Overlord x2  
  122  8:08  Extractor  
  122  8:13  Roach x8  
  126  8:25  Overlord  
  126  8:26  Roach x3  
  126  8:27  Roach  
  134  8:29  Ravager x2  
  134  8:33  Ravager  
  137  8:40  Roach x3  
  143  8:44  Roach x2  
  131  9:04  Roach  
  131  9:05  Roach x7  
  135  9:10  Roach x2  
  135  9:16  Drone x3  
  136  9:23  Drone  
  137  9:24  Drone  
Tags
 
Add a new tag
Caveats
  • Supply blocks, unpowered buildings, or Contaminate may cause inaccurate times.
  • Supply counts are checked every 10 seconds.